 Dungeon Crawl Stone Soup version 0.27-a0-1147-gb3d8e82157 (webtiles) character file.

Game seed: 17355057064746412033

9 neco the Ducker (level 2, -1/21 HPs)
             Began as an Octopode Fighter on May 11, 2021.
             Slain by a kobold
             ... wielding a +0 club
              (3 damage)
             ... on level 1 of the Dungeon.
             The game lasted 00:02:24 (246 turns).

neco the Ducker (Octopode Fighter)                   Turns: 246, Time: 00:02:24

Health: -1/21      AC:  1    Str: 15    XL:     2   Next: 16%
Magic:  2/2        EV: 11    Int: 10    God:
Gold:   0          SH:  8    Dex: 11    Spells: 1/1 levels left

rFire    . . .     SeeInvis .   e - +0 short sword
rCold    . . .     Faith    .   b - +0 kite shield
rNeg     . . .     Spirit   .   (helmet restricted)
rPois    .         Reflect  .   (no amulet)
rElec    .         Harm     .   (no ring)
rCorr    .         Rampage  .   (no ring)
Will     .....                  (no ring)
Stlth    ++........             (no ring)
HPRegen  0.07/turn              (no ring)
MPRegen  0.08/turn              (no ring)
                                (no ring)
                                (no ring)

@: no status effects
A: almost no armour, amphibious, 8 rings, camouflage 1, gelatinous body 1,
(nimble swimmer 1), tentacles
a: no special abilities


You were on level 1 of the Dungeon.
You visited 1 branch of the dungeon, and saw 1 of its levels.

Inventory:

Hand Weapons
 a - a +0 rapier
 d - a +0 club
 e - a +0 short sword (weapon)
Missiles
 f - a stone (quivered)
Armour
 b - a +0 kite shield (worn)
Potions
 c - a potion of might


   Skills:
 + Level 3.1 Fighting
 + Level 2.0 Short Blades
 + Level 3.2 Dodging
 + Level 3.2 Shields


You had one spell level left.
You didn't know any spells.
Your spell library was empty.

Dungeon Overview and Level Annotations

Branches:
Dungeon (1/15)

Altars:


Innate Abilities, Weirdness & Mutations

You cannot wear most types of armour.
You are amphibious.
You can wear up to eight rings at the same time.
Your skin changes colour to match your surroundings (Stealth+).
Your rubbery body absorbs attacks. (AC +1, EV +1)
((You are camouflaged near water. (Stealth+)))
You have tentacles for arms and can constrict up to eight enemies at once.


Message History

You closely miss the goblin. You grab the goblin. You constrict the goblin.
The jackal barely misses you. The goblin closely misses you.
The jackal closely misses you.
You hit the goblin. You squeeze the goblin.
You kill the goblin!
The jackal barely misses you. You block the hobgoblin's attack.
A kobold comes into view. It is wielding a +0 club.
The frilled lizard bites you.
You barely miss the hobgoblin.
The kobold shouts!
Your grab misses the hobgoblin. You block the jackal's attack.
You block the hobgoblin's attack. The frilled lizard closely misses you.
The jackal completely misses you.
You hit the hobgoblin but do no damage. You grab the hobgoblin.
You constrict the hobgoblin, but do no damage.
The jackal bites you. The hobgoblin hits you.
You block the frilled lizard's attack.
The jackal bites you but does no damage.
The hobgoblin hits you.
You are too injured to fight recklessly!
You release your grip on the hobgoblin.
The frilled lizard bites you.
* * * LOW HITPOINT WARNING * * *
The jackal barely misses you. The hobgoblin closely misses you.
You see here a +0 club.
You are too injured to fight recklessly!
You are too injured to fight recklessly!
Your shield prevents you from hitting the hobgoblin.
Your grab misses the hobgoblin.
The jackal bites you but does no damage.
You block the frilled lizard's attack. You block the jackal's attack.
The hobgoblin misses you.
You are too injured to fight recklessly!
You are too injured to fight recklessly!
You are too injured to fight recklessly!
You hit the jackal.
You kill the jackal!
The frilled lizard closely misses you. The hobgoblin hits you.
* * * LOW HITPOINT WARNING * * *
The kobold hits you with a +0 club.
You die...

##.$............
................
#...##..#.####.
##...##..#.####.
................
.........†......
................
........g.......
.....##.@.......
......)l†K.....(
.##..##.....#...
.... ..........
.## .......#!.#
.##.....#..# ..
....... .# ..
........


You could see a hobgoblin, a kobold and a frilled lizard.

Vanquished Creatures
  A giant cockroach (D:1)
  2 goblins (D:1)
  3 jackals (D:1)
  A quokka (D:1)
  A bat (D:1)
  A kobold (D:1)
9 creatures vanquished.

Notes
Turn   | Place    | Note
-------+----------+-------------------------------------------
     0 | D:1      | neco the Octopode Fighter began the quest for the Orb.
     0 | D:1      | Reached XP level 1. HP: 16/16 MP: 1/1
   239 | D:1      | Reached XP level 2. HP: 18/21 MP: 2/2
   246 | D:1      | Slain by a kobold

Illustrated notes

Levels and vault maps discovered:
D:1:      dpeg_arrival_radiant, layout_basic,
          hellmonk_ecumenical_altar_leap_of_faith

Action                   || total
-------------------------++-------
Melee: Short sword       ||    14
       Rapier            ||     4
       Constrict         ||     6
       Tentacles         ||     4
 Stab: Sleeping          ||     1
Armor: Skin              ||     2
Dodge: Dodged            ||    17
Block: Kite shield       ||    14

Table legend: (Time is in decaauts)
 A = Elapsed time spent in this place.
 B = Non-inter-level travel time spent in this place.
 C = Inter-level travel time spent in this place.
 D = Time resting spent in this place.
 E = Time spent auto-exploring this place.
 F = Levels seen in this place.
 G = Mean time per level.
                   A        B        C        D        E       F      G
               +--------+--------+--------+--------+--------+-----+--------+
         Total |    249 |    247 |      2 |      0 |      0 |   1 |  249.0 |
       Dungeon |    249 |    247 |      2 |      0 |      0 |   1 |  249.0 |
               +--------+--------+--------+--------+--------+-----+--------+

Top non-repeatable levels by time:
     D:1: 249 daAuts
